 Dungeon Crawl Stone Soup version 0.27.1-2-g3b301248ec (webtiles) character file.

Game seed: 1022941324119214040

2469 MisterFreud the Shield-Bearer (level 9, -4/81 HPs)
             Began as a Gnoll Fighter on Sept 27, 2021.
             Was an Elder of Ashenzari.
             Killed from afar by Harold (19 damage)
             ... with a harpoon shot
             ... on level 7 of the Dungeon.
             The game lasted 00:11:25 (8044 turns).

MisterFreud the Shield-Bearer (Gnoll Fighter)       Turns: 8044, Time: 00:11:26

Health: -4/81      AC: 12    Str: 20    XL:     9   Next: 51%
Magic:  20/20      EV: 11    Int: 10    God:    Ashenzari [****..]
Gold:   992        SH: 12    Dex: 19    Spells: 23/23 levels left

rFire    . . .     SeeInvis +   q - +0 short sword (venom)
rCold    + . .     Faith    .   c - +0 kite shield "Sibylline Insecurity" {Elem, Self} (curse)
rNeg     . . .     Spirit   .   b - +0 scale mail of Ashenzari's Sybil {Alch, Evo} (curse)
rPois    .         Reflect  .   G - +0 helmet "Suziakk" {rElec Str+5 Stlth+}
rElec    +         Harm     .   v - +0 cloak "At What Cost Knowledge?" {Bglg, Evo} (curse)
rCorr    .         Rampage  .   (no gloves)
Will     .....     Clarity  +   h - +0 pair of boots of the Bound Planets {Range, Comp} (curse)
Stlth    +++.......             (no amulet)
HPRegen  0.23/turn              p - ring "Seer of Ashenzari" {rC+, Melee, Evo} (curse)
MPRegen  0.17/turn              z - ring "Share My Scepticism" {Dex+6, Comp, Self} (curse)

@: marked
A: fangs 1, strong nose, distributed training
a: Renounce Religion, Curse Item, Shatter the Chains


You were on level 7 of the Dungeon.
You worshipped Ashenzari.
Ashenzari was greatly pleased with you.
You visited 1 branch of the dungeon, and saw 7 of its levels.

You collected 1382 gold pieces.
You spent 390 gold pieces at shops.

Inventory:

Hand Weapons
 a - a +0 rapier
 e - a +1 short sword of draining
 f - a +0 whip of electrocution
 g - a +1 dagger of venom
 q - a +0 short sword of venom (weapon)
Missiles
 k - 3 javelins (quivered)
 o - 60 poisoned darts
Armour
 b - the cursed +0 scale mail of Ashenzari's Sybil (worn) {Alch, Evo}

   It has a curse which improves the following skills: Alchemy: Poison Magic and
   Transmutations.
   Evocations: Evocations.
 c - the cursed +0 kite shield "Sibylline Insecurity" (worn) {Elem, Self}

   It has a curse which improves the following skills: Elements: Fire Magic, Ice
   Magic, Air Magic and Earth Magic.
   Introspection: Fighting and Spellcasting.
 h - the cursed +0 pair of boots of the Bound Planets (worn) {Range, Comp}
   (You found it on level 1 of the Dungeon)

   It has a curse which improves the following skills: Ranged Combat: Slings,
   Bows, Crossbows and Throwing.
   Companions: Summonings and Necromancy.
 v - the cursed +0 cloak "At What Cost Knowledge?" (worn) {Bglg, Evo}
   (You took it off Crazy Yiuf on level 3 of the Dungeon)

   It has a curse which improves the following skills: Beguiling: Conjurations,
   Hexes and Translocations.
   Evocations: Evocations.
 C - a +1 chain mail of cold resistance
 G - the +0 helmet "Suziakk" (worn) {rElec Str+5 Stlth+}
   (You found it on level 7 of the Dungeon)

   Str:       It affects your strength (+5).
   rElec:     It insulates you from electricity.
   Stlth:     It makes you more stealthy.
Jewellery
 p - the cursed ring "Seer of Ashenzari" (left hand) {rC+, Melee, Evo}
   (You found it on level 3 of the Dungeon)

   [ring of protection from cold]

   rC:        It protects you from cold.
   It has a curse which improves the following skills: Melee Combat: Short
   Blades, Long Blades, Axes, Maces & Flails, Polearms, Staves and Unarmed
   Combat.
   Evocations: Evocations.
 z - the cursed ring "Share My Scepticism" (right hand) {Dex+6, Comp, Self}
   (You found it on level 6 of the Dungeon)

   [ring of dexterity]

   Dex:       It affects your dexterity (+6).
   It has a curse which improves the following skills: Companions: Summonings
   and Necromancy.
   Introspection: Fighting and Spellcasting.
 D - a ring of resist corrosion
Wands
 l - a wand of iceblast (12)
 B - a wand of paralysis (14)
 F - a wand of polymorph (7)
Scrolls
 j - 2 scrolls of blinking
 m - 3 scrolls of teleportation
 r - a scroll of enchant weapon
 w - a scroll of fog
 x - a scroll of fear
 y - a scroll of enchant armour
 E - a scroll of magic mapping
Potions
 d - 3 potions of might
 i - 2 potions of flight
 n - 3 potions of curing
 s - a potion of resistance
 t - a potion of cancellation
 u - a potion of haste
 A - a potion of magic


   Skills:
 + Level 7.9(11.4) Fighting
 + Level 6.3(8.7) Short Blades
 + Level 4.3(6.5) Long Blades
 + Level 4.3(6.5) Axes
 + Level 4.3(6.5) Maces & Flails
 + Level 4.3(6.5) Polearms
 + Level 4.3(6.5) Staves
 + Level 4.3(6.5) Slings
 + Level 4.3(6.5) Bows
 + Level 4.3(6.5) Crossbows
 + Level 4.3(6.5) Throwing
 + Level 7.9 Armour
 + Level 4.3 Dodging
 + Level 4.3 Stealth
 + Level 7.9 Shields
 + Level 4.3(6.5) Unarmed Combat
 + Level 4.3(7.6) Spellcasting
 + Level 3.5(5.6) Conjurations
 + Level 3.5(5.6) Hexes
 + Level 3.5(6.6) Summonings
 + Level 3.5(6.6) Necromancy
 + Level 3.5(5.6) Translocations
 + Level 3.5(5.6) Transmutations
 + Level 3.5(5.6) Fire Magic
 + Level 3.5(5.6) Ice Magic
 + Level 3.5(5.6) Air Magic
 + Level 3.5(5.6) Earth Magic
 + Level 3.5(5.6) Poison Magic
 + Level 4.7 Invocations
 + Level 4.3(8.6) Evocations


You had 23 spell levels left.
You didn't know any spells.
Your spell library contained the following spells:

 Spells                   Type           Power      Damage    Failure   Level
 Animate Skeleton         Necr           34%        N/A       7%          1
 Pain                     Necr           68%        1d7       7%          1
 Foxfire                  Conj/Fire      60%        2x1d7     11%         1
 Magic Dart               Conj           60%        1d6       11%         1
 Sandblast                Erth           30%        2d9       11%         1
 Corpse Rot               Necr/Air       N/A        N/A       13%         2
 Passwall                 Tmut/Erth      12%        N/A       16%         2
 Searing Ray              Conj           30%        3d4       16%         2
 Vampiric Draining        Necr           8%         2d7       21%         3
 Conjure Flame            Conj/Fire      15%        6-21      32%         3
 Inner Flame              Hex/Fire       15%        N/A       32%         3
 Portal Projectile        Hex/Tloc       30%        N/A       32%         3
 Dispel Undead            Necr           17%        3d10      56%         4
 Fulminant Prism          Conj/Hex       7%         3d7       71%         4
 Excruciating Wounds      Necr           8%         N/A       88%         5
 Blade Hands              Tmut           7%         N/A       96%         5
 Lee's Rapid Deconstruct  Erth           7%         3d8*      96%         5
 Death Channel            Necr           8%         N/A       100%        6


Dungeon Overview and Level Annotations

Branches:
Dungeon (7/15)             Temple (0/1) D:7

Altars:
Ashenzari
Ru
Sif Muna
Wu Jian
Xom

Annotations:
D:7 Harold, Joseph


Innate Abilities, Weirdness & Mutations

You have very sharp teeth.
Your uncanny sense of smell can sniff out nearby items.
Your experience applies equally to all skills.


Message History

You completely miss Harold.
Harold is moderately wounded.
You hit Harold but do no damage.
Harold looks as sick as possible!
Harold is heavily wounded.
Harold hits you with a +0 long sword.
You hit Harold but do no damage.
Harold is heavily wounded.
Harold hits you with a +0 long sword!!
You hit Harold.
Harold looks as sick as possible!
Your bite misses Harold.
Harold is heavily wounded.
Harold gestures at you while chanting. A sentinel's mark forms upon you.
You hit Harold. You bite Harold.
Harold is severely wounded.
Harold hits you with a +0 long sword!
* * * LOW HITPOINT WARNING * * *
Unknown command.
Unknown command.
Joseph, a Mercenary comes into view.
He is wielding a +0 quarterstaff.
Harold throws a throwing net.
You block the throwing net.
You see here a throwing net.
Joseph unwields a +0 quarterstaff.
Joseph wields a +0 hunting sling.
Joseph shoots a sling bullet.
The sling bullet hits you!
* * * LOW HITPOINT WARNING * * *
As you read the scroll of teleportation, it crumbles to dust.
You feel strangely unstable.
Joseph shoots a sling bullet.
The sling bullet hits you.
* * * LOW HITPOINT WARNING * * *
Joseph shoots a sling bullet.
You block the sling bullet.
Your surroundings suddenly seem different.
You start resting.
You sense a monster nearby.
Harold fires a harpoon shot at you. You block the harpoon shot.
Joseph shouts, "I love to fight!
I love killing!"
Joseph shoots a sling bullet.
You block the sling bullet.
Joseph shoots a sling bullet.
You block the sling bullet. Harold fires a harpoon shot at you.
The harpoon shot hits you!!
You die...

........##.## #############*
*,* #)#.#.#..#(##
#######......, *,*
)..........## #.@.....# * ,
......#.##.## #.####@.#####.
*
.......@.#.####.####........
,
..>...#..@.{.......#{..#.##.
.........###.##.##.......##.
......#..###.##.####........
..........##.##.@..@.#.####.
#.#.#.#......#########... >
.............############# *
..###.)##.##.##
.#####.#...#.##
...###.##.##.## ...#
#.......## ...# #..[....##
...# ##.#.#.###


You could see Harold (very poisoned).

Vanquished Creatures
  Grinder (D:4)
  Sigmund (D:4)
  Menkaure (D:6)
  Edmund (D:6)
  4 water moccasins
  A sky beast (D:5)
  An ice beast (D:7)
  An ogre (D:6)
  3 centaurs
  A phantom (D:7)
  A bullfrog (D:6)
  A wyvern zombie (D:7)
  A scorpion (D:6)
  2 wyvern skeletons
  2 centaur zombies (D:7)
  3 hounds
  3 orc priests
  A jelly (D:7)
  Crazy Yiuf (D:3)
  Ijyb (D:3)
  3 orc wizards
  Terence (D:3)
  5 adders
  A howler monkey skeleton (D:4)
  An adder zombie (D:5)
  3 worms
  2 dart slugs (D:1)
  15 orcs
  8 ball pythons
  2 bats
  8 endoplasms
  4 giant cockroaches
  7 goblins
  9 hobgoblins
  5 quokkas
  5 frilled lizards
  11 kobolds
  2 rats
123 creatures vanquished.

Vanquished Creatures (others)
  A fungus (D:2)
  4 plants (D:2)
5 creatures vanquished.

Grand Total: 128 creatures vanquished

Notes
Turn   | Place    | Note
-------+----------+-------------------------------------------
     0 | D:1      | MisterFreud the Gnoll Fighter began the quest for the Orb.
     0 | D:1      | Reached XP level 1. HP: 23/23 MP: 1/1
   174 | D:1      | Reached XP level 2. HP: 22/29 MP: 2/2
   614 | D:1      | Reached XP level 3. HP: 35/35 MP: 3/3
  1309 | D:2      | Reached skill level 1 in Invocations
  1448 | D:2      | Found a faded altar of an unknown god.
  1451 | D:2      | Became a worshipper of Ashenzari the Shackled
  1477 | D:2      | Reached skill level 1 in Long Blades
  1477 | D:2      | Reached skill level 1 in Axes
  1477 | D:2      | Reached skill level 1 in Maces & Flails
  1477 | D:2      | Reached skill level 1 in Polearms
  1477 | D:2      | Reached skill level 1 in Staves
  1477 | D:2      | Reached skill level 1 in Slings
  1477 | D:2      | Reached skill level 1 in Bows
  1477 | D:2      | Reached skill level 1 in Crossbows
  1477 | D:2      | Reached skill level 1 in Throwing
  1477 | D:2      | Reached skill level 1 in Dodging
  1477 | D:2      | Reached skill level 1 in Stealth
  1477 | D:2      | Reached skill level 1 in Unarmed Combat
  1477 | D:2      | Reached skill level 1 in Spellcasting
  1477 | D:2      | Reached skill level 1 in Evocations
  1507 | D:2      | Identified a scroll of acquirement
  1544 | D:2      | Acquired 873 gold pieces
  1730 | D:2      | Reached XP level 4. HP: 39/41 MP: 5/5
  1931 | D:3      | Found an ornate altar of the Wu Jian Council.
  1974 | D:3      | Found a sacrificial altar of Ru.
  1985 | D:3      | Noticed Ijyb
  1997 | D:3      | Killed Ijyb
  2000 | D:3      | Reached * piety under Ashenzari
  2248 | D:3      | Reached skill level 1 in Conjurations
  2248 | D:3      | Reached skill level 1 in Hexes
  2248 | D:3      | Reached skill level 1 in Summonings
  2248 | D:3      | Reached skill level 1 in Necromancy
  2248 | D:3      | Reached skill level 1 in Translocations
  2248 | D:3      | Reached skill level 1 in Transmutations
  2248 | D:3      | Reached skill level 1 in Fire Magic
  2248 | D:3      | Reached skill level 1 in Ice Magic
  2248 | D:3      | Reached skill level 1 in Air Magic
  2248 | D:3      | Reached skill level 1 in Earth Magic
  2248 | D:3      | Reached skill level 1 in Poison Magic
  2470 | D:3      | Noticed Terence
  2480 | D:3      | Killed Terence
  2481 | D:3      | Reached XP level 5. HP: 15/49 MP: 6/8
  2727 | D:3      | Found Ischiroxa's Distillery.
  2730 | D:3      | Bought a potion of resistance for 100 gold pieces
  2730 | D:3      | Bought a potion of cancellation for 80 gold pieces
  2730 | D:3      | Bought a potion of might for 40 gold pieces
  2730 | D:3      | Bought a potion of might for 40 gold pieces
  2730 | D:3      | Bought a potion of haste for 100 gold pieces
  2730 | D:3      | Bought a potion of flight for 30 gold pieces
  2852 | D:3      | Found a runed translucent door.
  2853 | D:3      | Noticed Crazy Yiuf
  3049 | D:3      | Killed Crazy Yiuf
  3582 | D:4      | Reached ** piety under Ashenzari
  3711 | D:4      | Reached XP level 6. HP: 56/56 MP: 10/10
  3767 | D:4      | Noticed Grinder
  3781 | D:4      | Paralysed by Grinder for 4 turns
  3785 | D:4      | Killed Grinder
  3786 | D:4      | Reached skill level 5 in Short Blades
  3955 | D:4      | Noticed Sigmund
  3974 | D:4      | Killed Sigmund
  3975 | D:4      | Reached XP level 7. HP: 50/63 MP: 10/12
  4535 | D:5      | Entered Level 5 of the Dungeon
  4780 | D:5      | Found a shimmering blue altar of Sif Muna.
  5526 | D:5      | Reached *** piety under Ashenzari
  5683 | D:6      | Reached XP level 8. HP: 40/71 MP: 14/14
  6511 | D:6      | Noticed Edmund
  6515 | D:6      | Reached **** piety under Ashenzari
  6530 | D:6      | Killed Edmund
  6626 | D:6      | Found a shimmering altar of Xom.
  6772 | D:6      | Noticed Menkaure
  6789 | D:6      | Killed Menkaure
  7135 | D:6      | Reached XP level 9. HP: 80/81 MP: 19/19
  7249 | D:7      | Identified the +0 helmet "Suziakk" {rElec Str+5 Stlth+}
  7418 | D:7      | Found a staircase to the Ecumenical Temple.
  7997 | D:7      | Noticed Harold
  8022 | D:7      | Noticed Joseph
  8044 | D:7      | Killed from afar by Harold

Illustrated notes

Levels and vault maps discovered:
D:1:      minmay_arrival_checkered_box, layout_basic
D:2:      layout_basic, shapermc_ecumenical_altar_mp_ritualfount,
          minmay_misc_feat_rows
D:3:      layout_loops_corners, pdpol_wu_jian_five_deadly_venoms,
          mainiacjoe_overflow_cross_hatched, serial_shops,
          nicolae_shop_behind_doors, uniq_ijyb, uniq_terence,
          uniq_crazy_yiuf_cottage
D:4:      layout_loops_corners, uniq_grinder, uniq_sigmund
D:5:      layout_basic, nicolae_overflow_crystal_walls
D:6:      layout_basic, amcnicky_altar_gilded, uniq_edmund, uniq_menkaure
D:7:      layout_loops_cross, minmay_temple_entry_glass, uniq_joseph,
          uniq_harold

Skill      XL: |  1  2  3  4  5  6  7  8  9 |
---------------+----------------------------+-----
Invocations    | 1 2 3 4 |  4.7
Long Blades    | 1 2 3 4 |  4.3
Axes           | 1 2 3 4 |  4.3
Maces & Flails | 1 2 3 4 |  4.3
Polearms       | 1 2 3 4 |  4.3
Staves         | 1 2 3 4 |  4.3
Slings         | 1 2 3 4 |  4.3
Bows           | 1 2 3 4 |  4.3
Crossbows      | 1 2 3 4 |  4.3
Throwing       | 1 2 3 4 |  4.3
Dodging        | 1 2 3 4 |  4.3
Stealth        | 1 2 3 4 |  4.3
Unarmed Combat | 1 2 3 4 |  4.3
Spellcasting   | 1 2 3 4 |  4.3
Evocations     | 1 2 3 4 |  4.3
Conjurations   | 1 2 3 |  3.5
Hexes          | 1 2 3 |  3.5
Summonings     | 1 2 3 |  3.5
Necromancy     | 1 2 3 |  3.5
Translocations | 1 2 3 |  3.5
Transmutations | 1 2 3 |  3.5
Fire Magic     | 1 2 3 |  3.5
Ice Magic      | 1 2 3 |  3.5
Air Magic      | 1 2 3 |  3.5
Earth Magic    | 1 2 3 |  3.5
Poison Magic   | 1 2 3 |  3.5
Short Blades   | 5 6 |  6.3
Fighting       | 7 |  7.9
Armour         | 7 |  7.9
Shields        | 7 |  7.9

Action                   |  1- 3 |  4- 6 |  7- 9 || total
-------------------------+-------+-------+-------++-------
Melee: Rapier            |    25 |       |    17 ||    42
       Bite              |    13 |    14 |    55 ||    82
       Dagger            |    98 |    46 |       ||   144
       Short sword       |     4 |    91 |   272 ||   367
       Whip              |       |       |    27 ||    27
Invok: Curse Item        |     1 |     2 |     3 ||     6
Evoke: Wand              |       |     1 |     2 ||     3
  Use: Scroll            |     1 |       |     1 ||     2
       Potion            |       |     1 |       ||     1
 Stab: Sleeping          |       |       |     2 ||     2
Armor: Scale mail        |    21 |    37 |    96 ||   154
Dodge: Dodged            |    28 |    25 |    96 ||   149
Block: Kite shield       |    58 |    53 |   138 ||   249
